 Dungeon Crawl Stone Soup version 0.29-a0-982-gaed3a0c8d8 (webtiles) character file.

Game seed: 6679827125033989097

70830 nickcage the Gelid (level 15, -9/90 HPs)
             Began as a Human Ice Elementalist on July 28, 2022.
             Was a High Priest of Vehumet.
             Mangled by Rupert
             ... wielding a +1 executioner's axe of flaming
              (45 damage)
             ... on level 12 of the Dungeon on Aug 1, 2022.
             The game lasted 02:56:35 (27592 turns).

nickcage the Gelid (Human Ice Elementalist)        Turns: 27592, Time: 02:56:36

Health: -9/90      AC: 11    Str:  8    XL:     15   Next: 79%
Magic:  5/31       EV: 12    Int: 30    God:    Vehumet [*****.]
Gold:   600        SH:  6    Dex: 13    Spells: 6/38 levels left

rFire   . . .      SeeInvis .   S - +6 whip (venom)
rCold   . . .      Faith    .   q - +0 buckler
rNeg    + . .      Spirit   .   W - +2 robe {Will+}
rPois   +          Reflect  .   Y - +0 helmet of Vlad {rN+}
rElec   .          Harm     .   X - +2 cloak {rPois}
rCorr   .          Rampage  .   Q - +1 pair of gloves {hurl}
Will    ++...                   G - +0 pair of boots
Stlth   ++........              l - amulet of magic regeneration
HPRegen 0.25/turn               f - ring of wizardry
MPRegen 0.62/turn               t - +6 ring of intelligence

@: studying Air Magic
A: no striking features
a: Renounce Religion


You were on level 12 of the Dungeon.
You worshipped Vehumet.
Vehumet was extremely pleased with you.
You visited 4 branches of the dungeon, and saw 20 of its levels.
You also visited: Volcano.

You collected 2037 gold pieces.
You spent 1437 gold pieces at shops.

Inventory:

Hand Weapons
 M - a +2 long sword of draining
 O - a +1 rapier of flaming
 S - a +6 whip of venom (weapon)
Missiles
 E - 11 boomerangs
Armour
 e - a +1 pair of gloves
 q - a +0 buckler (worn)
 D - a +2 robe of cold resistance
 G - a +0 pair of boots (worn)
 K - the +1 leather armour "Zekeset" {rElec rF+}
   (You found it on level 1 of the Lair of Beasts)

   rF:        It protects you from fire.
   rElec:     It insulates you from electricity.
 Q - a +1 pair of gloves of hurling (worn)
 R - a +2 robe of fire resistance
 W - a +2 robe of willpower (worn)
 X - a +2 cloak of poison resistance (worn)
 Y - the +0 helmet of Vlad (worn) {rN+}
   (You bought it in a shop on level 2 of the Orcish Mines)

   rN:        It protects you from negative energy.
Jewellery
 a - a +6 ring of intelligence
 f - a ring of wizardry (left hand)
 j - a ring of flight
 l - an amulet of magic regeneration (around neck)
 t - a +6 ring of intelligence (right hand)
 u - an amulet of reflection
 y - a ring of positive energy
 z - a +4 ring of evasion
 C - a ring of protection from fire
 V - a +4 ring of protection
Wands
 g - a wand of iceblast (7)
 r - a wand of mindburst (25)
 A - a wand of quicksilver (13)
 H - a wand of flame (35)
 U - a wand of paralysis (4)
Scrolls
 c - 7 scrolls of identify
 h - 2 scrolls of magic mapping
 i - 2 scrolls of enchant armour
 m - 3 scrolls of amnesia
 n - 5 scrolls of teleportation
 F - a scroll of fear
 P - 2 scrolls of enchant weapon
Potions
 b - 3 potions of magic
 d - 6 potions of lignification
 k - 4 potions of curing
 o - 3 potions of might
 p - a potion of invisibility
 s - 3 potions of heal wounds
 v - 2 potions of haste
 w - 3 potions of flight
 x - a potion of brilliance
 B - 4 potions of attraction
 I - 2 potions of berserk rage
 L - a potion of cancellation
 N - 2 potions of mutation
Miscellaneous
 J - a lightning rod (4/4)


   Skills:
 - Level 2.0 Dodging
 - Level 2.0 Stealth
 * Level 7.2 Shields
 - Level 12.0 Spellcasting
 - Level 9.0 Conjurations
 - Level 20.0 Ice Magic
 * Level 6.2 Air Magic
 - Level 3.3 Poison Magic


You had 6 spell levels left.
You knew the following spells:

 Your Spells              Type           Power      Damage    Failure   Level
a - Freeze                Ice            100%       1d11      0%          1
b - Frozen Ramparts       Ice            100%       1d18      0%          3
c - Ozocubu's Armour      Ice            95%        N/A       0%          3
d - Hailstorm             Conj/Ice       81%        3d16      1%          4
e - Ozocubu's Refrigerat  Ice            47%        4d18      1%          7
g - Iskenderun's Mystic   Conj/Tloc      45%        2d10      1%          4
h - Fireball              Conj/Fire      22%        3d10      1%          5
i - Lightning Bolt        Conj/Air       29%        1d46      1%          5

Your spell library contained the following spells:

 Spells                   Type           Power      Damage    Failure   Level
 Spellforged Servitor     Conj/Summ      22%        N/A       41%         7
 Necrotise                Necr           72%        1d7       1%          1
 Sting                    Tmut/Pois      100%       1d8       1%          1
 Poisonous Vapours        Pois/Air       92%        N/A       1%          2
 Airstrike                Air            26%        0-9+      1%          4
 Flame Wave               Conj/Fire      45%        2d12      1%          4
 Olgreb's Toxic Radiance  Pois           38%        N/A       1%          4
 Sticky Flame             Conj/Fire      45%        2d6       1%          4
 Iskenderun's Battlesphe  Conj           64%        2d11      1%          5
 Conjure Ball Lightning   Conj/Air       29%        3x3d8     3%          6
 Tukima's Dance           Hex            18%        N/A       4%          3
 Vampiric Draining        Necr           18%        2d7       4%          3
 Summon Lightning Spire   Summ/Air       36%        N/A       4%          4
 Yara's Violent Unravell  Hex/Tmut       9%         3d6       11%         5
 Passage of Golubria      Tloc           18%        N/A       14%         4
 Agony                    Necr           18%        N/A       34%         5
 Orb of Destruction       Conj           32%        9d10      9%          7
 Ignition                 Fire           9%         3d5       100%        8


Dungeon Overview and Level Annotations

Branches:
Dungeon (12/15)            Temple (1/1) D:6            Lair (5/5) D:8
  Swamp (0/4) Lair:3        Snake (0/4) Lair:3        Slime (0/5) Lair:4
    Orc (2/2) D:10            Elf (0/3) Orc:2       Volcano (visited)

Altars:
Ashenzari
Cheibriados
Dithmenos
Elyvilon
Hepliaklqana
Nemelex Xobeh
Okawaru
Sif Muna
Trog
Vehumet
Wu Jian
Xom
The Shining One
Jiyva

Shops:
D:7 *   D:11 [   Orc:2 (:=[

Annotations:
D:9 6 runed translucent doors
D:12 Rupert
Lair:1 3 runed translucent doors, HuGe's ghost, novice MiBe; Puggon's ghost, journeyman TeAE
Lair:4 1 runed translucent door


Message History

There is an open door here.
Rupert shouts!
Casting: Ozocubu's Refrigeration (dangerous; 1% risk of failure)
Confirm with . or Enter, or press ? or * to list all spells.
The heat is drained from your surroundings.
Rupert is moderately wounded.
Casting: Ozocubu's Refrigeration (dangerous; 1% risk of failure)
Confirm with . or Enter, or press ? or * to list all spells.
The heat is drained from your surroundings.
Rupert is moderately wounded.
Casting: Ozocubu's Refrigeration (dangerous; 1% risk of failure)
Confirm with . or Enter, or press ? or * to list all spells.
The heat is drained from your surroundings.
Rupert is heavily wounded.
Rupert roars madly and goes into a rage!
Rupert goes berserk!
Casting: Ozocubu's Refrigeration (dangerous; 1% risk of failure)
Confirm with . or Enter, or press ? or * to list all spells.
The heat is drained from your surroundings.
Rupert is severely wounded.
There is an open door here.
Rupert hits you with a +1 executioner's axe of flaming.
Rupert burns you.
Casting: Ozocubu's Refrigeration (dangerous; 1% risk of failure)
Confirm with . or Enter, or press ? or * to list all spells.
The heat is drained from your surroundings.
Rupert is almost dead.
Rupert hits you with a +1 executioner's axe of flaming!!
Rupert burns you. Rupert attacks as you move away! You block Rupert's attack.
Rupert barely misses you. Rupert attacks as you move away!
Rupert hits you with a +1 executioner's axe of flaming!
Rupert burns you.
Rupert rages.
Rupert misses you. Rupert barely misses you.
Rupert hits you with a +1 executioner's axe of flaming!!!
Ouch! That really hurt!
You die...

.# #.... .........#........#. .#
#... .........#....z..... .# #..
.........#.......... #
#.##########....#..<......8
.######.#........####.##########.
........'...........#............
#.......##..........#)...........
#........#..........#............
#........##'#..@@...#............
............######'##............
.................................
....................)............
.................................
.z..^. ...............#######
...# ####'##........# ...# ...
#........# ...# .....'........#


You could see Rupert (berserk).

Vanquished Creatures
  An orc warlord (Orc:1)
  Snorg (Lair:5)
  8 hydras
  2 catoblepae
  2 two-headed ogres
  A deep troll shaman (Lair:5)
  17 death yaks
  4 orc high priests (Orc:2)
  A tengu warrior (D:9)
  Urug (Orc:1)
  3 skeletal warriors (D:12)
  A deep elf archer (Volcano)
  4 orc knights (Orc:2)
  An oklob plant (Lair:5)
  9 deep elf pyromancers (Volcano)
  2 wolf spiders (Lair:2)
  2 lindwurms
  2 ugly things
  6 orc sorcerers
  4 manticores
  A cyclops (D:11)
  12 elephants
  8 black mambas
  A gargoyle (D:9)
  13 cane toads
  2 torpor snails (Lair:4)
  A rime drake (Lair:3)
  A kobold demonologist (D:10)
  9 komodo dragons
  A troll (D:12)
  3 meliai (D:12)
  2 hornets
  A tyrant leech (Lair:3)
  2 polar bears
  9 blink frogs
  4 slime creatures (D:12)
  6 dream sheep (Lair:4)
  A vampire (D:10)
  A wraith (D:10)
  6 wyverns
  6 yaks
  A steam dragon (Lair:4)
  4 fire elementals (Volcano)
  4 redbacks (D:9)
  5 vampire mosquitoes
  4 wargs
  2 swamp worms (Lair:3)
  7 hell hounds (Volcano)
  12 water moccasins
  A swamp drake (D:8)
  A sky beast (D:7)
  4 black bears
  27 orc warriors
  8 ogres
  10 wolves
  8 centaurs
  A kobold brigand (D:9)
  A necrophage (D:6)
  9 bullfrogs
  A gnoll sergeant (D:9)
  A scorpion (D:7)
  11 killer bees
  2 howler monkeys
  2 electric eels
  2 lava snakes (Lair:2)
  2 hounds (D:7)
  A jelly (D:7)
  20 orc priests
  22 orc wizards
  3 iguanas
  9 gnolls
  4 adders
  A white imp (D:6)
  An ufetubus (D:5)
  3 worms
  4 dart slugs
  79 orcs
  9 bats
  4 endoplasms
  5 giant cockroaches
  8 goblins
  10 hobgoblins
  7 jackals
  5 quokkas
  9 ball pythons
  2 frilled lizards (D:3)
  15 kobolds
  4 rats
  2 bushes (Lair:5)
519 creatures vanquished.

Vanquished Creatures (others)
  A bush (Lair:3)
  80 fungi
  95 plants
  7 toadstools (Lair:4)
183 creatures vanquished.

Grand Total: 702 creatures vanquished

Notes
Turn   | Place    | Note
-------+----------+-------------------------------------------
     0 | D:1      | nickcage the Human Ice Elementalist began the quest for the
                  | Orb.
     0 | D:1      | Reached XP level 1. HP: 13/13 MP: 3/3
   239 | D:1      | Reached XP level 2. HP: 15/19 MP: 1/5
   529 | D:1      | Reached XP level 3. HP: 22/24 MP: 2/6
   533 | D:1      | Learned a level 3 spell: Frozen Ramparts
  1196 | D:2      | Reached XP level 4. HP: 27/30 MP: 0/8
  1338 | D:2      | Found a broken altar of Ashenzari.
  1491 | D:2      | Reached skill level 5 in Ice Magic
  1541 | D:2      | Learned a level 3 spell: Ozocubu's Armour
  1602 | D:2      | Found a faded altar of an unknown god.
  2347 | D:3      | Reached XP level 5. HP: 15/35 MP: 0/9
  2814 | D:3      | Reached XP level 6. HP: 10/41 MP: 2/11
  3379 | D:4      | Noticed an ogre
  3391 | D:4      | Killed an ogre
  3392 | D:4      | Reached skill level 6 in Ice Magic
  3546 | D:4      | Learned a level 4 spell: Hailstorm
  3777 | D:4      | Noticed a black bear
  3792 | D:4      | Killed a black bear
  3793 | D:4      | Reached skill level 1 in Conjurations
  3793 | D:4      | Reached XP level 7. HP: 41/46 MP: 5/13
  4025 | D:5      | Entered Level 5 of the Dungeon
  4033 | D:5      | Reached skill level 7 in Ice Magic
  5037 | D:6      | Found a staircase to the Ecumenical Temple.
  5043 | Temple   | Entered the Ecumenical Temple
  5062 | Temple   | Became a worshipper of Vehumet
  5153 | D:6      | Reached XP level 8. HP: 47/52 MP: 10/14
  5156 | D:6      | Reached skill level 8 in Ice Magic
  6206 | D:7      | Found Dinax's Mayhem Merchandise.
  6416 | D:7      | Reached skill level 9 in Ice Magic
  6591 | D:7      | Reached * piety under Vehumet
  6591 | D:7      | Offered knowledge of Sandblast by Vehumet.
  6815 | D:7      | Reached XP level 9. HP: 57/57 MP: 6/15
  7259 | D:8      | Found a sparkling altar of Nemelex Xobeh.
  7260 | D:8      | Found an iron altar of Okawaru.
  7260 | D:8      | Found a shimmering altar of Xom.
  7265 | D:8      | Found a shimmering blue altar of Sif Muna.
  7265 | D:8      | Found a white marble altar of Elyvilon.
  7267 | D:8      | Found a glowing golden altar of the Shining One.
  7289 | D:8      | Reached skill level 10 in Ice Magic
  7707 | D:8      | Reached skill level 5 in Spellcasting
  7719 | D:8      | Noticed a komodo dragon
  7726 | D:8      | Killed a komodo dragon
  7791 | D:8      | Found a staircase to the Lair.
  8024 | D:9      | Noticed a two-headed ogre
  8024 | D:9      | Noticed a hornet
  8254 | D:9      | Reached skill level 5 in Conjurations
  8254 | D:9      | Reached skill level 11 in Ice Magic
  8266 | D:9      | Reached XP level 10. HP: 63/63 MP: 13/18
  8324 | D:9      | Found a runed translucent door.
  8478 | D:9      | Paralysed by a hornet for 2 turns
  8520 | D:9      | Killed a two-headed ogre
  8520 | D:9      | Offered knowledge of Foxfire by Vehumet.
  8820 | D:9      | Noticed a gargoyle
  8825 | D:9      | Reached ** piety under Vehumet
  8828 | D:9      | Killed a gargoyle
  8919 | D:9      | Noticed a white ugly thing
  9392 | Lair:1   | Entered Level 1 of the Lair of Beasts
  9402 | Lair:1   | Noticed a cane toad
  9406 | Lair:1   | Killed a cane toad
  9602 | Lair:1   | Reached skill level 12 in Ice Magic
  9645 | Lair:1   | Identified the +1 leather armour "Zekeset" {rElec rF+}
  9682 | Lair:1   | Found a dark tunnel.
  9691 | Volcano  | Entered a volcano
  9718 | Volcano  | Reached XP level 11. HP: 58/68 MP: 22/22
  9763 | Volcano  | Noticed a deep elf pyromancer
  9764 | Volcano  | Noticed a deep elf pyromancer
  9768 | Volcano  | Noticed a deep elf pyromancer
  9777 | Volcano  | Killed a deep elf pyromancer
  9859 | Volcano  | Killed a deep elf pyromancer
  9861 | Volcano  | Noticed a deep elf pyromancer
  9869 | Volcano  | Killed a deep elf pyromancer
 10068 | Volcano  | Killed a deep elf pyromancer
 10164 | Volcano  | Noticed a deep elf pyromancer
 10175 | Volcano  | Noticed a deep elf pyromancer
 10176 | Volcano  | Noticed a deep elf pyromancer
 10176 | Volcano  | Killed a deep elf pyromancer
 10185 | Volcano  | Killed a deep elf pyromancer
 10188 | Volcano  | Killed a deep elf pyromancer
 10189 | Volcano  | Reached skill level 13 in Ice Magic
 10327 | Volcano  | Noticed a deep elf archer
 10327 | Volcano  | Noticed a deep elf pyromancer
 10327 | Volcano  | Noticed a deep elf pyromancer
 10337 | Volcano  | Killed a deep elf archer
 10374 | Volcano  | Killed a deep elf pyromancer
 10374 | Volcano  | Offered knowledge of Dazzling Flash by Vehumet.
 10443 | Volcano  | Killed a deep elf pyromancer
 10711 | Lair:1   | Reached XP level 12. HP: 74/74 MP: 17/25
 11232 | Lair:1   | Found a runed translucent gate.
 11233 | Lair:1   | Found a runed translucent gate.
 11233 | Lair:1   | Found a runed translucent gate.
 11235 | Lair:1   | Noticed HuGe's ghost (novice MiBe)
 11235 | Lair:1   | Noticed Puggon's ghost (journeyman TeAE)
 11235 | Lair:1   | Noticed HuGe's ghost (novice MiBe)
 11327 | Lair:1   | Reached skill level 1 in Air Magic
 11987 | Lair:2   | Reached skill level 14 in Ice Magic
 12268 | Lair:2   | Noticed a seven-headed hydra
 12276 | Lair:2   | Killed a seven-headed hydra
 12277 | Lair:2   | Reached skill level 10 in Spellcasting
 12888 | D:7      | Bought the Unrestrained Analects for 616 gold pieces
 12896 | D:7      | Learned a level 7 spell: Ozocubu's Refrigeration
 12901 | D:7      | Learned a level 4 spell: Olgreb's Toxic Radiance
 13204 | Lair:2   | Got Sif Muna's Book of Hot Pestilence
 13211 | Lair:2   | Noticed a death yak
 13211 | Lair:2   | Noticed a death yak
 13385 | D:9      | Noticed a tengu warrior
 13389 | D:9      | Killed a tengu warrior
 13493 | D:9      | Reached skill level 1 in Poison Magic
 14203 | D:9      | Found a runed translucent gate.
 14203 | D:9      | Found a runed translucent gate.
 14203 | D:9      | Found a runed translucent gate.
 14203 | D:9      | Found a runed translucent gate.
 14203 | D:9      | Found a runed translucent gate.
 14203 | D:9      | Noticed a boulder beetle
 14224 | D:9      | Found a runed translucent gate.
 14224 | D:9      | Noticed a boulder beetle
 14278 | D:10     | Entered Level 10 of the Dungeon
 14296 | D:10     | Found an ornate altar of the Wu Jian Council.
 14854 | D:10     | Reached *** piety under Vehumet
 14874 | D:10     | Reached skill level 15 in Ice Magic
 15149 | D:10     | Noticed a sixfirhy
 15358 | D:10     | Found a staircase to the Orcish Mines.
 15359 | D:10     | Offered knowledge of Iskenderun's Mystic Blast by Vehumet.
 15571 | D:10     | Reached XP level 13. HP: 79/79 MP: 23/27
 16429 | Lair:3   | Reached **** piety under Vehumet
 16545 | Lair:3   | Reached skill level 16 in Ice Magic
 16550 | Lair:3   | Learned a level 4 spell: Iskenderun's Mystic Blast
 16757 | Lair:3   | Noticed a catoblepas
 16816 | Lair:2   | Killed a catoblepas
 17184 | Lair:3   | Offered knowledge of Fulminant Prism by Vehumet.
 17282 | Lair:3   | Found a staircase to the Snake Pit.
 17674 | Lair:3   | Reached skill level 17 in Ice Magic
 17828 | Lair:3   | Found a staircase to the Swamp.
 18576 | Lair:4   | Reached XP level 14. HP: 85/85 MP: 13/29
 19025 | Lair:4   | Reached skill level 18 in Ice Magic
 19152 | Lair:4   | Found a staircase to the Slime Pits.
 19153 | Lair:4   | Found a viscous altar of Jiyva.
 19522 | Lair:4   | Noticed a dire elephant
 19544 | Lair:4   | Found a runed translucent door.
 20592 | Lair:5   | Entered Level 5 of the Lair of Beasts
 20892 | Lair:5   | Reached skill level 19 in Ice Magic
 20989 | Lair:5   | Noticed Snorg
 20998 | Lair:5   | Killed Snorg
 21141 | Lair:5   | Learned a level 5 spell: Fireball
 22531 | Lair:5   | Identified a scroll of acquirement
 22531 | Lair:5   | Acquired an amulet of magic regeneration
 23202 | Lair:5   | Reached ***** piety under Vehumet
 23202 | Lair:5   | Offered knowledge of Freezing Cloud by Vehumet.
 23226 | Lair:5   | Reached XP level 15. HP: 89/90 MP: 25/30
 23561 | D:11     | Found Fishieng's Armour Shop.
 23781 | D:11     | Reached skill level 20 in Ice Magic
 24154 | D:11     | You fall into a shaft and drop 1 floor!
 24159 | D:12     | Noticed Rupert
 24629 | Orc:1    | Entered Level 1 of the Orcish Mines
 24639 | Orc:1    | Reached skill level 1 in Shields
 24659 | Orc:1    | Noticed an orc warlord
 24663 | Orc:1    | Killed an orc warlord
 24890 | Orc:2    | Entered Level 2 of the Orcish Mines
 24910 | Orc:2    | Found a staircase to the Elven Halls.
 25683 | Orc:2    | Reached skill level 5 in Shields
 25792 | Orc:2    | Found Topaimuf's Jewellery Emporium.
 25868 | Orc:2    | Found Gaumiaw's Weapon Shop.
 25876 | Orc:2    | Found Lenu's Book Shop.
 25899 | Orc:2    | Found Exzoafoxo's Armour Emporium.
 25906 | Orc:2    | Bought a book of Storms for 384 gold pieces
 25908 | Orc:2    | Bought a +1 cloak of poison resistance for 202 gold pieces
 25914 | Orc:2    | Bought the +0 helmet of Vlad {rN+} for 235 gold pieces
 25953 | Orc:2    | Learned a level 5 spell: Lightning Bolt
 26022 | Orc:1    | Noticed Urug
 26024 | Orc:1    | Killed Urug
 26268 | Orc:1    | Offered knowledge of Spellforged Servitor by Vehumet.
 26555 | Orc:1    | Upgraded the game from 0.29-a0-925-g0a7a3d12f8 to
                  | 0.29-a0-982-gaed3a0c8d8
 26660 | D:12     | Reached skill level 5 in Air Magic
 27592 | D:12     | Mangled by Rupert

Illustrated notes

Levels and vault maps discovered:
D:1:      onia_arrival_pyramid, layout_rooms
D:2:      layout_loops_ring, basic_altar, hellmonk_ecumenical_altar_run_dry,
          dreamdust_princess_bridge, kennysheep_generic_room_15
D:3:      layout_rooms, serial_rivers, chequers_serial_rivers_micro_a,
          chequers_serial_rivers_large_b, chequers_serial_rivers_large_a,
          chequers_serial_rivers_micro_a, chequers_serial_rivers_marsh,
          nrook_campfire
D:4:      layout_rooms
D:5:      layout_cave_pods, minivault_5, minmay_misc_feat_rugged
D:6:      layout_loops_ring, minmay_temple_entry_wispy, minmay_statues_item
D:7:      layout_basic, mrwooster_statue_mirror, minmay_shop_mayhem
D:8:      layout_rooms, grunt_temple_overflow_open, erik_lair_dragon,
          minmay_holes
D:9:      gammafunk_indiana_jones, layout_long_grid, kennysheep_cluttered_room,
          kb_rosetta
D:10:     layout_loops_cross, mainiacjoe_overflow_alcove_4, david_orc_5,
          kennysheep_crisscross
D:11:     layout_small_grid, serial_shops, nicolae_shop_hallway_stairs
D:12:     layout_irregular_city, serial_column_ruins,
          column_ruins_square_medium, column_ruins_open_tiny,
          column_ruins_open_large, column_ruins_corridor_straight,
          column_ruins_columns_dead_end, column_ruins_columns_straight,
          column_ruins_open_large, led_sif_pool, uniq_rupert
Temple:   nicolae_temple_superstar
Lair:1:   layout_cellular_growth, gammafunk_ghost_cemetery, enter_volcano_1,
          chequers_serial_rivers_micro_b
Lair:2:   layout_gridlike, nicolae_lair_run_with_the_wolves,
          serial_bayou_shore_a
Lair:3:   layout_misc_corridors, minmay_swamp_entry_worms,
          minmay_snake_entry_six_corridors
Lair:4:   gammafunk_lair_enchanted_lake, layout_regular_city, slime_entry_1,
          chequers_serial_rivers_small_b
Lair:5:   grunt_lair_end_beastmaster, layout_regular_city, uniq_snorg
Orc:1:    layout_caves, basic_altar, uniq_urug
Orc:2:    st_orc_elflike, layout_caves

Skill      XL: |  1  2  3  4  5  6  7  8  9 10 11 12 13 14 15 |
---------------+----------------------------------------------+-----
Ice Magic      | 5 6 7 9 11 12 13 15 17 19 20 | 20.0
Spellcasting   | 3 4 5 7 9 10 11 12 | 12.0
Conjurations   | 1 2 3 5 6 7 8 9 |  9.0
Air Magic      | 3 6 |  6.2
Poison Magic   | 2 3 |  3.3
Shields        | 7 |  7.2
Dodging        | |  2.0
Stealth        | |  2.0

Action                   |  1- 3 |  4- 6 |  7- 9 | 10-12 | 13-15 || total
-------------------------+-------+-------+-------+-------+-------++-------
Melee: Unarmed           |     3 |       |       |       |       ||     3
       Whip              |     6 |     1 |       |     5 |    11 ||    23
       Spear             |       |    94 |    89 |    42 |       ||   225
       Punch             |       |     1 |       |       |       ||     1
Throw: Boomerang         |       |       |    14 |    31 |    14 ||    59
 Cast: Freeze            |    44 |    34 |    57 |   138 |    40 ||   313
       Frozen Ramparts   |     2 |    16 |    21 |    43 |     5 ||    87
       Ozocubu's Armour  |       |     7 |    13 |    36 |     8 ||    64
       Hailstorm         |       |       |     2 |    13 |       ||    15
       Ozocubu's Refrige |       |       |       |    20 |   267 ||   287
       Olgreb's Toxic Ra |       |       |       |     1 |     7 ||     8
       Fireball          |       |       |       |       |     4 ||     4
       Iskenderun's Myst |       |       |       |       |     1 ||     1
       Lightning Bolt    |       |       |       |       |     3 ||     3
  Use: Scroll            |       |     6 |    12 |     6 |     9 ||    33
       Potion            |       |       |       |     5 |       ||     5
 Stab: Sleeping          |     2 |     2 |     4 |       |       ||     8
Armor: Robe              |    12 |    22 |    41 |    45 |    24 ||   144
       Leather armour    |       |       |       |    35 |       ||    35
Dodge: Dodged            |    22 |    40 |    59 |    90 |    49 ||   260
Block: Other             |       |     1 |    23 |    46 |    17 ||    87
       Reflection        |       |       |     1 |     4 |       ||     5
       Buckler           |       |       |       |       |     7 ||     7

Table legend: (Time is in decaauts)
 A = Elapsed time spent in this place.
 B = Non-inter-level travel time spent in this place.
 C = Inter-level travel time spent in this place.
 D = Time resting spent in this place.
 E = Time spent auto-exploring this place.
 F = Levels seen in this place.
 G = Mean time per level.
                   A        B        C        D        E       F      G
               +--------+--------+--------+--------+--------+-----+--------+
         Total |  27725 |  26462 |   1263 |   9538 |  12179 |  21 | 1320.2 |
       Dungeon |  14346 |  13500 |    846 |   3341 |   7407 |  12 | 1195.5 |
        Temple |     38 |     19 |     19 |      0 |      9 |   1 |   38.0 |
          Lair |  10434 |  10124 |    310 |   4892 |   3993 |   5 | 2086.8 |
  Orcish Mines |   1991 |   1904 |     87 |    667 |    769 |   2 |  995.5 |
       Volcano |    913 |    913 |      0 |    638 |      0 |   1 |  913.0 |
               +--------+--------+--------+--------+--------+-----+--------+

Top non-repeatable levels by time:
  Lair:4: 2410 daAuts
     D:9: 2381 daAuts
  Lair:3: 2265 daAuts
  Lair:5: 2037 daAuts
  Lair:2: 2027 daAuts
  Lair:1: 1694 daAuts
    D:10: 1445 daAuts
    D:11: 1344 daAuts
   Orc:2: 1309 daAuts
     D:7: 1288 daAuts
     D:8: 1276 daAuts
     D:3: 1196 daAuts
     D:1: 1128 daAuts
     D:2: 1051 daAuts
     D:5: 972 daAuts
